 Dungeon Crawl Stone Soup version 0.30-a0-12-gd8047c6341 (webtiles) character file.

Game seed: 8975195975979010845

676 greasedhog the Sneak (level 7, -1/36 HPs)
             Began as a Gargoyle Wanderer on Aug 24, 2022.
             Slain by an orc priest
             ... wielding a +0 hand axe
              (4 damage)
             ... on level 5 of the Dungeon.
             The game lasted 00:05:40 (5300 turns).

greasedhog the Sneak (Gargoyle Wanderer)            Turns: 5300, Time: 00:05:42

Health: -1/36      AC:  9    Str: 13    XL:     7   Next: 60%
Magic:  10/10      EV: 12    Int: 17    God:
Gold:   290        SH:  0    Dex:  9    Spells: 9/10 levels left

rFire   . . .      SeeInvis +    a - +9 rapier "Beetleslayer" {flame, rPois}
rCold   . . .      Faith    .    (no shield)
rNeg    + . .      Spirit   .    f - +0 leather armour
rPois   ∞          Reflect  .    b - +0 helmet
rElec   +          Harm     .    k - +0 cloak
rCorr   .          Rampage  .    (no gloves)
Will    .....                    (no boots)
Stlth   +++.......               (no amulet)
HPRegen 0.12/turn                g - ring of see invisible
MPRegen 0.12/turn                (no ring)

@: no status effects
A: sickness immunity, AC +4, negative energy resistance 1, electricity
resistance, torment resistance 1, petrification resistance
a: no special abilities


You were on level 5 of the Dungeon.
You visited 1 branch of the dungeon, and saw 5 of its levels.

You collected 290 gold pieces.

Inventory:

Hand Weapons
 a - the +9 rapier "Beetleslayer" (weapon) {flame, rPois}
   (You found it on level 2 of the Dungeon)

   It burns those it strikes, dealing additional fire damage.
   rPois:     It protects you from poison.
Armour
 b - a +0 helmet (worn)
 f - a +0 leather armour (worn)
 k - a +0 cloak (worn)
Jewellery
 g - a ring of see invisible (left hand)
 n - an amulet of faith
Scrolls
 d - a scroll of magic mapping
 e - 4 scrolls of teleportation
 i - a scroll of amnesia
 j - a scroll of fear
 l - a scroll of brand weapon {unknown}
 m - a scroll of silence {unknown}
 o - 2 scrolls of identify
 p - a scroll of acquirement {unknown}
Potions
 c - 2 potions of curing
 h - 2 potions of heal wounds
 q - a potion of brilliance


   Skills:
 * Level 5.4 Short Blades
 - Level 4.1 Dodging
 * Level 6.8 Stealth
 - Level 2.0 Spellcasting


You had 9 spell levels left.
You knew the following spells:

 Your Spells              Type           Power      Damage    Failure   Level
a - Sting                 Tmut/Pois      4%         1d3       24%         1

Your spell library contained the following spells:

 Spells                   Type           Power      Damage    Failure   Level
 Gell's Gravitas          Tloc           1%         N/A       58%         3
 Spider Form              Tmut/Pois      1%         N/A       58%         3
 Teleport Other           Tloc           1%         N/A       58%         3
 Tukima's Dance           Hex            1%         N/A       58%         3
 Passage of Golubria      Tloc           1%         N/A       94%         4
 Yara's Violent Unravell  Hex/Tmut       0%         3d3       100%        5
 Dispersal                Tloc           0%         N/A       100%        6


Dungeon Overview and Level Annotations

Branches:
Dungeon (5/15)
 Temple: D:4-7

Altars:
Nemelex Xobeh
Uskayaw
Xom
The Shining One

Shops:
D:2 *


Innate Abilities, Weirdness & Mutations

You are immune to sickness and miasma.
Your stone body is resilient. (AC +4)
You are immune to poison.
You resist negative energy. (rN+)
You are resistant to electric shocks. (rElec)
You are resistant to unholy torment.
You are immune to petrification.


Message History

The puff of frost hits you.
Found an escape hatch in the ceiling.
The white imp gestures at you. The puff of frost hits you.
The white imp barely misses you.
An orc comes into view. It is wielding a +0 hand axe.
The orc shouts!
You hit the white imp. You burn the white imp.
The white imp is almost dead.
You hear a shout!
The white imp hits you but does no damage.
You closely miss the white imp.
The white imp is almost dead.
The white imp gestures at you.
The puff of frost hits you but does no damage.
You puncture the white imp! You burn the white imp.
You kill the white imp!
An orc priest comes into view. It is wielding a +0 hand axe.
An orc priest comes into view. It is wielding a +0 hand axe.
An orc comes into view. It is wielding a +0 short sword.
The orc priest shouts!
The orc shouts!
You puncture the orc! You burn the orc.
You kill the orc!
The orc priest mumbles some strange prayers to Beogh against you.
Beogh smites you!
You are too injured to fight recklessly!
You are too injured to fight recklessly!
You are too injured to fight recklessly!
You are too injured to fight recklessly!
You are too injured to fight recklessly!
You are too injured to fight recklessly!
Unknown command.
The orc priest closely misses you.
You hit the orc priest. You burn the orc priest.
The orc priest is moderately wounded.
The orc priest invokes the aid of Beogh against you.
Beogh smites you!
* * * LOW HITPOINT WARNING * * *
The orc priest hits you with a +0 hand axe.
You die...

#... #.#
#..# #....
##.# #...#
#... ##.##
#..... #...
##.##
#..##.
#...####.##
#.#
#....$..#
#.
##.....##
#...)##
#oo@.#
#..o.##
#...<##
......#
.....#
..... ....#
....


You could see 2 orc priests and an orc.

Vanquished Creatures
  Grinder (D:4)
  Sigmund (D:4)
  Crazy Yiuf (D:4)
  2 hounds
  5 adders
  8 gnolls
  A white imp (D:5)
  A worm (D:4)
  3 dart slugs
  2 orcs
  A bat (D:1)
  13 endoplasms
  4 giant cockroaches
  4 goblins
  9 hobgoblins
  2 jackals (D:1)
  7 kobolds
  3 quokkas
  11 ball pythons
  5 frilled lizards
  8 rats
92 creatures vanquished.

Notes
Turn   | Place    | Note
-------+----------+-------------------------------------------
     0 | D:1      | greasedhog the Gargoyle Wanderer began the quest for the
                  | Orb.
     0 | D:1      | greasedhog set off with the following items: a +0 rapier, a
                  | +0 helmet, a potion of curing, a +0 robe; and the following
                  | spell memorised: Sting; and the following spells available
                  | to memorise: Spider Form.
     0 | D:1      | Reached XP level 1. HP: 10/10 MP: 3/3
   277 | D:1      | Found a faded altar of an unknown god.
   551 | D:1      | Reached XP level 2. HP: 11/15 MP: 5/5
   654 | D:1      | Reached skill level 2 in Stealth
  1612 | D:1      | Reached XP level 3. HP: 11/19 MP: 6/6
  2113 | D:2      | Reached skill level 3 in Stealth
  2394 | D:2      | Reached XP level 4. HP: 10/24 MP: 7/7
  2690 | D:2      | Found Resm's Assorted Antiques.
  2934 | D:2      | Identified the +9 rapier "Beetleslayer" {flame, rPois}
  3199 | D:3      | Found a hide-covered altar of Uskayaw.
  3200 | D:3      | Noticed a +0 hand axe
  3200 | D:3      | Noticed a +0 dagger
  3776 | D:3      | Reached skill level 4 in Stealth
  3776 | D:3      | Reached XP level 5. HP: 28/28 MP: 8/8
  4188 | D:4      | Noticed Sigmund
  4205 | D:4      | Killed Sigmund
  4206 | D:4      | Reached skill level 5 in Stealth
  4206 | D:4      | Reached XP level 6. HP: 32/32 MP: 9/9
  4239 | D:4      | Found a glowing golden altar of the Shining One.
  4272 | D:4      | Found a runed translucent door.
  4273 | D:4      | Noticed Crazy Yiuf
  4482 | D:4      | Found a shimmering altar of Xom.
  4511 | D:4      | Noticed Grinder
  4517 | D:4      | Paralysed by Grinder for 3 turns
  4522 | D:4      | Killed Grinder
  4523 | D:4      | Reached skill level 5 in Short Blades
  4523 | D:4      | Reached skill level 6 in Stealth
  4523 | D:4      | Reached XP level 7. HP: 32/36 MP: 10/10
  4681 | D:4      | Found a sparkling altar of Nemelex Xobeh.
  4743 | D:4      | Killed Crazy Yiuf
  4866 | D:5      | Entered Level 5 of the Dungeon
  5300 | D:5      | Slain by an orc priest

Illustrated notes

Levels and vault maps discovered:
D:1:      beargit_arrival_greenhouse, layout_basic,
          shapermc_ecumenical_altar_ellora
D:2:      layout_rooms, serial_shops, shop, minmay_randomly_rotated_circles
D:3:      layout_loops_corners, dancing_weapons_uskayaw,
          kennysheep_generic_room_9
D:4:      cheibrodos_quashed, layout_rooms, lemuel_coloured_pillars_altar,
          kennysheep_mini, mainiacjoe_overflow_concentric_impassable,
          item_on_display_a, uniq_sigmund, uniq_grinder, uniq_crazy_yiuf_cottage
D:5:      layout_layer_cave, nicolae_ru_the_path_less_chosen,
          minmay_manual_moon, uniq_menkaure, uniq_pikel

Skill      XL: |  1  2  3  4  5  6 |
---------------+-------------------+-----
Short Blades   | 2 3 4 5 |  5.4
Stealth        | 2 3 4 5 6 |  6.8
Dodging        | |  4.1
Spellcasting   | |  2.0

Action                   |  1- 3 |  4- 6 |  7- 9 || total
-------------------------+-------+-------+-------++-------
Melee: Rapier            |   220 |   101 |    28 ||   349
       Punch             |     2 |       |       ||     2
  Use: Scroll            |     2 |     3 |       ||     5
       Potion            |       |       |     3 ||     3
 Stab: Sleeping          |     3 |     7 |       ||    10
Armor: Robe              |     2 |       |       ||     2
       Leather armour    |    84 |    22 |     3 ||   109
Dodge: Dodged            |   164 |    49 |    14 ||   227

Table legend: (Time is in decaauts)
 A = Elapsed time spent in this place.
 B = Non-inter-level travel time spent in this place.
 C = Inter-level travel time spent in this place.
 D = Time resting spent in this place.
 E = Time spent auto-exploring this place.
 F = Levels seen in this place.
 G = Mean time per level.
                   A        B        C        D        E       F      G
               +--------+--------+--------+--------+--------+-----+--------+
         Total |   5326 |   5228 |     98 |    132 |   4259 |   5 | 1065.2 |
       Dungeon |   5326 |   5228 |     98 |    132 |   4259 |   5 | 1065.2 |
               +--------+--------+--------+--------+--------+-----+--------+

Top non-repeatable levels by time:
     D:1: 1896 daAuts
     D:2: 1244 daAuts
     D:3: 1053 daAuts
     D:4: 699 daAuts
     D:5: 432 daAuts
